 Dungeon Crawl Stone Soup version 0.24.0-1-gfbc8707122 (webtiles) character file.

Game seed: 13965122635078686367, levelgen mode: deterministic

8 DavidChitty2 the Caller (level 2, 0/19 HPs)
             Began as a Gnoll Summoner on Oct 27, 2019.
             Slain by a goblin (1 damage)
             ... on level 1 of the Dungeon.
             The game lasted 00:02:14 (467 turns).

DavidChitty2 the Caller (Gnoll Summoner)             Turns: 467, Time: 00:02:14

Health: 0/19       AC:  2    Str: 10    XL:     2   Next: 8%
Magic:  5/7        EV: 14    Int: 17    God:
Gold:   33         SH:  0    Dex: 15    Spells: 9/10 levels left

rFire    . . .     SeeInvis .   a - +0 dagger
rCold    . . .     Gourm    .   (no shield)
rNeg     . . .     Faith    .   d - +0 robe
rPois    .         Spirit   .   (no helmet)
rElec    .         Reflect  .   (no cloak)
rCorr    .         Harm     .   (no gloves)
MR       .....                  (no boots)
Stlth    +++.......             (no amulet)
HPRegen  0.06/turn              (no ring)
MPRegen  0.10/turn              (no ring)

@: no status effects
A: distributed training, fangs 1, strong nose
a: no special abilities


You were on level 1 of the Dungeon.
You were not hungry.

You visited 1 branch of the dungeon, and saw 1 of its levels.

You collected 33 gold pieces.

Inventory:

Hand Weapons
 a - a +0 dagger (weapon)
   (You took it off a goblin on level 1 of the Dungeon)
Armour
 d - a +0 robe (worn)
Scrolls
 c - a scroll of enchant armour {unknown}
 g - a scroll of noise {unknown}
Potions
 f - a potion of flight {unknown}
Comestibles
 b - 3 chunks of flesh
 e - 2 rations {!d}


   Skills:
 + Level 0.2 Fighting
 + Level 0.2 Short Blades
 + Level 0.2 Long Blades
 + Level 0.2 Axes
 + Level 0.2 Maces & Flails
 + Level 0.2 Polearms
 + Level 0.2 Staves
 + Level 0.2 Slings
 + Level 0.2 Bows
 + Level 0.2 Crossbows
 + Level 0.2 Throwing
 + Level 0.2 Armour
 + Level 4.4 Dodging
 + Level 4.0 Stealth
 + Level 0.2 Shields
 + Level 0.2 Unarmed Combat
 + Level 4.9 Spellcasting
 + Level 0.1 Conjurations
 + Level 0.1 Hexes
 + Level 0.1 Charms
 + Level 7.0 Summonings
 + Level 0.1 Necromancy
 + Level 0.1 Translocations
 + Level 0.1 Transmutations
 + Level 0.1 Fire Magic
 + Level 0.1 Ice Magic
 + Level 0.1 Air Magic
 + Level 0.1 Earth Magic
 + Level 0.1 Poison Magic
 + Level 0.3 Invocations
 + Level 0.2 Evocations


You had 9 spell levels left.
You knew the following spells:

 Your Spells              Type           Power        Failure   Level  Hunger
a - Summon Small Mammal   Summ           ####         1%          1    None

Your spell library contained the following spells:

 Spells                   Type           Power        Failure   Level  Hunger
 Call Imp                 Summ           ####....     1%          2    #......
 Call Canine Familiar     Summ           ####....     2%          3    ###....
 Summon Guardian Golem    Hex/Summ       ###.....     10%         3    ###....
 Summon Ice Beast         Ice/Summ       ###.....     32%         4    ####...
 Summon Lightning Spire   Summ/Air       ###.....     32%         4    ####...


Dungeon Overview and Level Annotations

Branches:
Dungeon (1/15)

Altars:


Innate Abilities, Weirdness & Mutations

Your experience applies equally to all skills.
You have very sharp teeth.
Your uncanny sense of smell can sniff out nearby items.


Message History

The frilled lizard dies!
You have reached level 2!
The hobgoblin hits you with a +0 club.
Your quokka bites the goblin.
You closely miss the goblin. The bat hits you.
Your quokka closely misses the goblin.
The goblin hits you but does no damage. The hobgoblin hits you with a +0 club.
Your quokka closely misses the goblin.
The goblin hits you.
You closely miss the goblin. The bat hits you but does no damage.
Your quokka misses the goblin. The goblin hits you but does no damage.
The bat hits you but does no damage.
Your quokka barely misses the goblin.
The goblin closely misses you. The hobgoblin hits you with a +0 club.
* * * LOW HITPOINT WARNING * * *
The bat completely misses you.
Your quokka bites the goblin.
The goblin dies!
Things that are here:
a cursed -2 club; a hobgoblin corpse The bat barely misses you.
Your quokka closely misses the hobgoblin.
Your quokka bites the hobgoblin but does no damage.
The goblin barely misses you. The bat misses you.
The hobgoblin hits you but does no damage.
The bat hits your quokka but does no damage.
Your quokka bites the bat.
The bat misses your quokka.
Your quokka closely misses the hobgoblin.
The bat hits your quokka but does no damage.
The hobgoblin barely misses something.
Your quokka bites the bat.
The bat dies!
The goblin hits you.
* * * LOW HITPOINT WARNING * * *
Your quokka bites the hobgoblin.
The goblin hits you.
* * * LOW HITPOINT WARNING * * *
The hobgoblin closely misses your quokka.
Your quokka barely misses the hobgoblin.
The hobgoblin hits your quokka with a +0 club.
Your quokka dies!
Your quokka's corpse disappears in a puff of smoke!
The goblin barely misses you.
Your quokka barely misses the hobgoblin.
There is an escape hatch in the floor here.
Your quokka bites the hobgoblin but does no damage. x2
Your quokka bites the hobgoblin.
You barely miss the goblin. You bite the goblin, but do no damage.
The goblin misses you.
You hit the goblin. The goblin hits you.
* * * LOW HITPOINT WARNING * * *
Your quokka misses the hobgoblin. The goblin hits you.
You die...

############...........
#...................
#...................
#######..........####....#
.................####.##+#
.................#........
.................#.##.....
.........rgr.......#.§gr†.
.........@g....>...#.#)...
........###....##....#.r).
........# #.######.###....
.....(..# #.###....###....
###########.........##....
#...........######
#...........#
#...........#
#...........#


You could see a hobgoblin, a goblin, a friendly quokka and a friendly rat.

Vanquished Creatures
  A hobgoblin (D:1)
1 creature vanquished.

Vanquished Creatures (collateral kills)
  2 giant cockroaches (D:1)
  3 goblins (D:1)
  A hobgoblin (D:1)
  3 bats (D:1)
  A frilled lizard (D:1)
  A rat (D:1)
11 creatures vanquished.

Grand Total: 12 creatures vanquished

Notes
Turn   | Place    | Note
-------+----------+-------------------------------------------
     0 | D:1      | DavidChitty2 the Gnoll Summoner began the quest for the
                  | Orb.
     0 | D:1      | Reached XP level 1. HP: 13/13 MP: 6/6
   444 | D:1      | Reached XP level 2. HP: 19/19 MP: 4/7
   467 | D:1      | Slain by a goblin

Levels and vault maps discovered:
D:1:      dpeg_arrival_pits, layout_basic, ashenzari_altar_1

Action                   || total
-------------------------++-------
Melee: Unarmed           ||     6
       Dagger            ||     6
       Bite              ||     2
 Cast: Summon Small Mamm ||    17
Armor: Robe              ||     6
Dodge: Dodged            ||    16
